 Dungeon Crawl Stone Soup version 0.27.1-33-g824d729ab1 (webtiles) character file.

Game seed: 15612949795594457057

0 raph the Caller (level 1, -3/10 HPs)
             Began as a Deep Elf Summoner on Dec 11, 2021.
             Slain by a hobgoblin (5 damage)
             ... on level 1 of the Dungeon.
             The game lasted 00:00:15 (56 turns).

raph the Caller (Deep Elf Summoner)                   Turns: 56, Time: 00:00:16

Health: -3/10      AC:  2    Str:  5    XL:     1   Next: 0%
Magic:  3/6        EV: 12    Int: 19    God:
Gold:   0          SH:  0    Dex: 15    Spells: 5/6 levels left

rFire    . . .     SeeInvis .   (no weapon)
rCold    . . .     Faith    .   (no shield)
rNeg     . . .     Spirit   .   a - +0 robe
rPois    .         Reflect  .   (no helmet)
rElec    .         Harm     .   (no cloak)
rCorr    .         Rampage  .   (no gloves)
Will     .....                  (no boots)
Stlth    ++........             (no amulet)
HPRegen  0.03/turn              (no ring)
MPRegen  0.10/turn              (no ring)

@: no status effects
A: no striking features
a: no special abilities


You were on level 1 of the Dungeon.
You visited 1 branch of the dungeon, and saw 1 of its levels.

Inventory:

Armour
 a - a +0 robe (worn)


   Skills:
 + Level 2.4 Dodging
 + Level 2.4 Stealth
 + Level 3.0 Spellcasting
 * Level 4.3 Summonings


You had 5 spell levels left.
You knew the following spells:

 Your Spells              Type           Power      Damage    Failure   Level
a - Summon Small Mammal   Summ           76%        N/A       2%          1

Your spell library contained the following spells:

 Spells                   Type           Power      Damage    Failure   Level
 Call Imp                 Summ           19%        N/A       3%          2
 Call Canine Familiar     Summ           19%        N/A       8%          3
 Summon Guardian Golem    Hex/Summ       11%        N/A       19%         3
 Summon Lightning Spire   Summ/Air       11%        N/A       52%         4


Dungeon Overview and Level Annotations

Branches:
Dungeon (1/15)

Altars:


Message History

The hobgoblin hits you.
Your bat hits the hobgoblin but does no damage.
The jackal closely misses your bat. The jackal bites your bat.
Your bat dies!
Your bat's corpse disappears in a puff of smoke!
Your bat hits the hobgoblin. Your bat misses the hobgoblin.
Your magical contamination has completely faded away.
The hobgoblin misses your bat.
Your bat barely misses the hobgoblin.
Your bat closely misses the hobgoblin.
There is a large open door here.
Your bat barely misses the hobgoblin.
There's a creature in the doorway!
You hit the jackal.
The jackal is lightly wounded.
Your bat barely misses the hobgoblin.
The jackal bites you.
Casting: Summon Small Mammal (safe; 2% risk of failure)
Confirm with . or Enter, or press ? or * to list all spells.
The jackal bites you. The jackal misses your bat. The jackal bites you.
* * * LOW HITPOINT WARNING * * *
Your bat completely misses the hobgoblin.
Casting: Summon Small Mammal (safe; 2% risk of failure)
Confirm with . or Enter, or press ? or * to list all spells.
Your bat closely misses the hobgoblin.
The jackal bites you.
* * * LOW HITPOINT WARNING * * *
Your rat bites the jackal but does no damage.
The hobgoblin misses you.
Your bat hits the plant.
The plant begins to die.
Your bat closely misses the hobgoblin.
The jackal bites your rat.
Your rat closely misses the hobgoblin.
Your rat bites the jackal.
The jackal closely misses your rat.
Your bat hits the jackal but does no damage.
Something closely misses your bat. The jackal bites your rat.
Your rat bites the hobgoblin.
Your rat bites the jackal.
The jackal bites your rat.
Your rat dies!
Your rat's corpse disappears in a puff of smoke!
You open the door. The hobgoblin hits you.
Ouch! That really hurt!
You die...

##P.'.♣#.♣.....
#P♣.#P.#.P♣....
#P..####.....##
#P..P#.P......#
#♣...'.b....P.#
#P..##.####..#
#.##.#b....# #


You could see 2 jackals, a hobgoblin (ally target) and a friendly rat
(summoned).

Vanquished Creatures (others)
  2 plants (D:1)
2 creatures vanquished.

Notes
Turn   | Place    | Note
-------+----------+-------------------------------------------
     0 | D:1      | raph the Deep Elf Summoner began the quest for the Orb.
     0 | D:1      | Reached XP level 1. HP: 10/10 MP: 6/6
    56 | D:1      | Slain by a hobgoblin

Illustrated notes

Levels and vault maps discovered:
D:1:      denvon_arrival_planthouse, layout_loops_ring,
          chequers_ecumenical_altar_simple_redux, minmay_rat_gold_closets

Action                   || total
-------------------------++-------
Melee: Unarmed           ||     1
 Cast: Summon Small Mamm ||     4
Armor: Robe              ||     1
Dodge: Dodged            ||     1
